 Dungeon Crawl Stone Soup version 0.28-a0-1235-g7c8fac35f0 (webtiles) character file.

Game seed: 11694912245694963949

53913 tilp the Bludgeoner (level 14, -8/121 HPs)
             Began as a White Draconian Cinder Acolyte on Dec 24, 2021.
             Was a High Priest of Ignis.
             Mangled by an orc knight (21 damage)
             ... on level 1 of the Orcish Mines.
             The game lasted 00:32:01 (19702 turns).

tilp the Bludgeoner (DrCA)                         Turns: 19702, Time: 00:32:01

Health: -8/121     AC: 20    Str: 17    XL:     14   Next: 32%
Magic:  19/21      EV: 12    Int: 20    God:    Ignis [*****.]
Gold:   1060       SH:  6    Dex:  6    Spells: 4/23 levels left

rFire   + . .      SeeInvis .   a - +4 eveningstar (freeze)
rCold   + . .      Faith    .   i - +2 buckler {rPois}
rNeg    . . .      Spirit   .   (armour unavailable)
rPois   +          Reflect  .   (helmet restricted)
rElec   .          Harm     .   t - +2 cloak
rCorr   .          Rampage  .   q - +1 pair of gloves
Will    ++...                   V - +2 pair of boots
Stlth   +++.......              s - amulet of regeneration
HPRegen 1.10/turn               m - ring of willpower
MPRegen 0.17/turn               C - +4 ring of protection

@: freezing walls
A: breathe frost, AC +8, unfitting armour, cold resistance 1, cold-blooded
a: Breathe Frost, Renounce Religion, Fiery Armour, Foxfire Swarm, Rising Flame


You were on level 1 of the Orcish Mines.
You worshipped Ignis.
Ignis was extremely pleased with you.
You visited 3 branches of the dungeon, and saw 18 of its levels.

You collected 1451 gold pieces.
You spent 391 gold pieces at shops.

Inventory:

Hand Weapons
 a - a +4 eveningstar of freezing (weapon)
 b - a +1 morningstar of draining
 y - the +8 rapier "Bitiy" {elec, Fly rC+ Will+ Int+3}
   (You found it on level 4 of the Lair of Beasts)

   It occasionally discharges a powerful burst of electricity upon striking a
   foe.
   Int:       It affects your intelligence (+3).
   rC:        It protects you from cold.
   Fly:       It grants you flight.
   Will:      It increases your willpower.
 Q - a +2 dire flail of freezing
Missiles
 g - 7 boomerangs of dispersal
 h - 13 boomerangs (quivered)
 M - 63 poisoned darts
 R - 8 atropa-tipped darts
 S - a throwing net
Armour
 i - a +2 buckler of poison resistance (worn)
 q - a +1 pair of gloves (worn)
 t - a +2 cloak (worn)
 V - a +2 pair of boots (worn)
Magical Staves
 e - a staff of air
 j - a staff of conjuration
 N - a staff of earth
Jewellery
 m - a ring of willpower (left hand)
 s - an amulet of regeneration (around neck)
 z - a ring of ice
 C - a +4 ring of protection (right hand)
 U - a ring of ice
 X - a ring of protection from fire
Wands
 d - a wand of mindburst (16)
 k - a wand of charming (14)
 w - a wand of polymorph (24)
 H - a wand of paralysis (6)
 I - a wand of acid (12)
 J - a wand of digging (11)
 L - a wand of flame (9)
 T - a wand of iceblast (9)
Scrolls
 c - 3 scrolls of blinking
 r - 4 scrolls of vulnerability
 D - 3 scrolls of fog
 E - a scroll of magic mapping
 F - 5 scrolls of teleportation
 O - 5 scrolls of identify
 P - a scroll of amnesia
Potions
 f - 4 potions of attraction
 l - 8 potions of curing
 n - 5 potions of magic
 o - 5 potions of might
 p - 4 potions of ambrosia
 u - 8 potions of lignification
 v - 5 potions of heal wounds
 x - 2 potions of berserk rage
 A - a potion of brilliance
 B - 2 potions of haste
 G - 2 potions of mutation
 K - 2 potions of resistance
 W - a potion of cancellation
 Y - a potion of invisibility


   Skills:
 - Level 10.0 Fighting
 - Level 16.0 Maces & Flails
 - Level 6.0 Dodging
 - Level 6.0 Stealth
 - Level 4.0 Shields
 - Level 5.0 Spellcasting
 + Level 7.5 Conjurations
 - Level 6.0 Translocations
 - Level 5.0 Fire Magic
 + Level 9.7 Ice Magic
 - Level 2.0 Air Magic
 - Level 4.0 Evocations


You had 4 spell levels left.
You knew the following spells:

 Your Spells              Type           Power      Damage    Failure   Level
a - Scorch                Fire           50%        2d8       2%          2
b - Frozen Ramparts       Ice            86%        1d10      1%          3
c - Magic Dart            Conj           100%       1d8       1%          1
d - Hailstorm             Conj/Ice       39%        3d9       3%          4
e - Ensorcelled Hibernat  Hex/Ice        48%        N/A       2%          2
f - Blink                 Tloc           58%        N/A       1%          2
g - Manifold Assault      Tloc           29%        N/A       26%         5

Your spell library contained the following spells:

 Spells                   Type           Power      Damage    Failure   Level
 Apportation              Tloc           58%        N/A       1%          1
 Foxfire                  Conj/Fire      100%       2x1d9     1%          1
 Freeze                   Ice            100%       1d11      1%          1
 Static Discharge         Conj/Air       24%        N/A       2%          2
 Lesser Beckoning         Tloc           29%        N/A       3%          3
 Iskenderun's Mystic Bla  Conj/Tloc      32%        2d8       7%          4
 Dazzling Flash           Conj/Hex       40%        N/A       8%          3
 Stone Arrow              Conj/Erth      40%        3d9       8%          3
 Flame Wave               Conj/Fire      30%        2d7       9%          4
 Mephitic Cloud           Conj/Pois/Air  17%        N/A       10%         3
 Passage of Golubria      Tloc           29%        N/A       10%         4
 Animate Skeleton         Necr           10%        N/A       12%         1
 Sandblast                Erth           10%        2d5       12%         1
 Summon Small Mammal      Summ           20%        N/A       12%         1
 Call Imp                 Summ           5%         N/A       17%         2
 Passwall                 Tmut/Erth      4%         N/A       17%         2
 Ignite Poison            Fire/Tmut/Pois 11%        N/A       19%         3
 Call Canine Familiar     Summ           5%         N/A       34%         3
 Spider Form              Tmut/Pois      5%         N/A       34%         3
 Summon Guardian Golem    Hex/Summ       5%         N/A       34%         3
 Tukima's Dance           Hex            5%         N/A       34%         3
 Airstrike                Air            6%         N/A       45%         4
 Summon Lightning Spire   Summ/Air       9%         N/A       58%         4
 Freezing Cloud           Conj/Ice/Air   15%        6-21      22%         5
 Lightning Bolt           Conj/Air       12%        1d25      41%         5
 Summon Forest            Summ/Tloc      8%         N/A       67%         5
 Starburst                Conj/Fire      15%        6d6       80%         6
 Silence                  Hex/Air        4%         N/A       91%         5
 Agony                    Necr           5%         N/A       97%         5
 Summon Mana Viper        Hex/Summ       5%         N/A       97%         5
 Yara's Violent Unravell  Hex/Tmut       2%         3d3       97%         5
 Eringya's Noxious Bog    Tmut/Pois      2%         N/A       100%        6
 Statue Form              Tmut/Erth      3%         N/A       100%        6
 Summon Cactus Giant      Summ           2%         N/A       100%        6
 Spellforged Servitor     Conj/Summ      10%        N/A       100%        7
 Storm Form               Tmut/Air       4%         N/A       100%        7
 Summon Hydra             Summ           2%         N/A       100%        7
 Maxwell's Capacitive Co  Air            6%         ∞         100%        8


Dungeon Overview and Level Annotations

Branches:
Dungeon (11/15)            Temple (0/1) D:5            Lair (6/6) D:9
 Shoals (0/4) Lair:3       Spider (0/4) Lair:3        Slime (0/5) Lair:6
    Orc (1/2) D:9

Altars:
Ashenzari
Cheibriados
Elyvilon
Fedhas
Gozag
Hepliaklqana
Qazlal
Sif Muna
Trog
Uskayaw
The Shining One

Shops:
D:3 [?![   D:5 *   Orc:1 *

Annotations:
D:8 3 runed translucent doors, kipponium's ghost, novice GnCA
Lair:5 2 transporters, feelmyfire's ghost, journeyman DsAK
Lair:6 3 exclusions
Orc:1 exclusion: oklob plant


Innate Abilities, Weirdness & Mutations

You can breathe waves of freezing cold which knock back foes.
Your icy white scales are hard. (AC +8)
You cannot fit into any form of body armour.
Your flesh is cold resistant. (rC+)
You are cold-blooded and may be slowed by cold attacks.


Message History

You tail-slap the orc knight.
The orc knight is heavily wounded.
Unknown command.
You hit the orc knight but do no damage.
The orc knight is heavily wounded.
The orc knight closely misses you.
The orc knight hits you with a +0 great mace.
You bludgeon the orc knight!! You freeze the orc knight.
You tail-slap the orc knight, but do no damage.
The orc knight is almost dead.
The orc knight roars a battlecry!
The orc knight goes into a battle-frenzy!
Unknown command.
You hit the orc knight. You freeze the orc knight.
You tail-slap the orc knight.
The orc knight is almost dead.
The orc knight hits you with a +0 great mace!!
Unknown command.
You sock the orc knight! You freeze the orc knight.
You kill the orc knight!
The orc knight hits you with a +0 great mace!!
Training target 6.0 for Translocations reached!
Your Translocations skill increases to level 6!
You are too injured to fight recklessly!
Unknown command.
You are too injured to fight recklessly!
Unknown command.
You are too injured to fight recklessly!
You are too injured to fight recklessly!
You are too injured to fight recklessly!
You hit the orc knight but do no damage.
The orc knight is lightly wounded.
You puncture the orc knight! You freeze the orc knight.
The orc knight is moderately wounded.
The orc knight hits you with a +0 great mace!!!
* * * LOW HITPOINT WARNING * * *
You impale the orc knight!! You freeze the orc knight!
The orc knight is severely wounded.
The orc knight hits you with a +0 great mace!!
You die...

...................)..##
### #.
...................)...#
##.
........###########)..##
#..
.......##.......##....##
##..
......##.........##....#
##...
......#)..#####..###...#
###.###
......#).##...##'####.##
##....#
......8).#.....#..# ###
#...###.
.......).#.....#@$#
##..# P.
.......).#.....o)$#
##..##.#
.........#.....#$$#
#...##.
......8..#.....#$$#
##.###
......#..##...##+## ###
......#...#####
......##........
.......##.......
........####


You could see an orc knight (strong).

Vanquished Creatures
  Jorgrun (Orc:1)
  2 boulder beetles (D:11)
  8 hydras
  Harold (D:8)
  An ogre mage (D:10)
  4 two-headed ogres
  4 death yaks (Lair:6)
  A fire crab (shapeshifter) (D:11)
  Pikel (D:6)
  An orc knight (Orc:1)
  A lindwurm (Lair:6)
  An orb spider (Lair:3)
  3 cyclopes (D:11)
  3 elephants (Lair:3)
  4 black mambas
  11 cane toads
  3 gargoyles
  4 rime drakes
  The ghost of Ic0n the Gusty, a novice DrAE of Vehumet (D:5)
  Psyche (D:11)
  7 komodo dragons
  An efreet (D:11)
  6 trolls
  3 polar bears
  26 blink frogs
  A snapping turtle (Lair:3)
  A centaur simulacrum (D:11)
  A shadow (D:11)
  Sigmund (D:3)
  A wraith (D:11)
  5 wyverns
  34 yaks
  3 basilisks
  3 vampire mosquitoes (D:7)
  A warg (Orc:1)
  24 water moccasins
  An acid dragon (D:6)
  18 orc warriors
  3 black bears
  2 sky beasts
  3 necrophages
  5 ogres
  17 wolves
  A phantom (D:5)
  15 centaurs
  A lemure (D:6)
  2 kobold brigands
  17 bullfrogs
  2 scorpions
  A wyvern zombie (D:5)
  2 gnoll sergeants
  A wyvern skeleton (D:6)
  14 killer bees
  A water moccasin skeleton (D:5)
  12 wights
  5 howler monkeys
  2 electric eels (D:9)
  2 bullfrog skeletons (D:6)
  4 centaur zombies
  5 jellies
  4 hounds
  2 centaur skeletons
  13 orc priests
  Ijyb (D:3)
  An iguana (D:6)
  15 orc wizards
  6 hell rats (Lair:6)
  3 howler monkey zombies
  13 gnolls
  7 adders
  A shadow imp (D:6)
  A white imp (D:8)
  2 worms
  3 dart slugs
  47 orcs
  7 bats
  8 endoplasms
  4 giant cockroaches
  14 goblins
  8 hobgoblins
  4 jackals (D:4)
  7 quokkas
  7 ball pythons
  3 frilled lizards (D:1)
  12 kobolds
  5 rats
508 creatures vanquished.

Vanquished Creatures (others)
  44 fungi
  32 plants
  3 toadstools (D:1)
79 creatures vanquished.

Grand Total: 587 creatures vanquished

Notes
Turn   | Place    | Note
-------+----------+-------------------------------------------
     0 | D:1      | tilp the Draconian Cinder Acolyte began the quest for the
                  | Orb.
     0 | D:1      | Reached XP level 1. HP: 19/19 MP: 2/2
   191 | D:1      | Reached XP level 2. HP: 25/26 MP: 3/3
   194 | D:1      | Learned a level 2 spell: Scorch
   880 | D:1      | Reached skill level 4 in Maces & Flails
   978 | D:1      | Found a faded altar of an unknown god.
  1048 | D:1      | Reached XP level 3. HP: 22/31 MP: 1/4
  1504 | D:2      | Found a bloodstained altar of Trog.
  2060 | D:2      | Reached XP level 4. HP: 39/40 MP: 0/5
  2515 | D:2      | Learned a level 1 spell: Magic Dart
  2769 | D:3      | Found Ypakiof's Antique Armour Emporium.
  2830 | D:3      | Found Hava Eguyrph's Distillery.
  2905 | D:3      | Found Hiown's Armour Boutique.
  3023 | D:2      | Reached skill level 5 in Maces & Flails
  3426 | D:3      | Found Voriug's Magic Scroll Shoppe.
  3440 | D:3      | Noticed Sigmund
  3455 | D:3      | Killed Sigmund
  3456 | D:3      | Reached skill level 6 in Maces & Flails
  3456 | D:3      | Reached skill level 1 in Conjurations
  3456 | D:3      | Reached XP level 5. HP: 41/46 MP: 2/7
  3456 | D:3      | Reached XP level 6. HP: 47/52 MP: 2/8
  3508 | D:3      | Bought a shiny buckler for 195 gold pieces
  3677 | D:3      | Found a hide-covered altar of Uskayaw.
  3745 | D:3      | Identified a scroll of acquirement
  3745 | D:3      | Acquired a +4 eveningstar of freezing
  3869 | D:4      | Reached skill level 1 in Shields
  4020 | D:4      | Noticed Ijyb
  4088 | D:3      | Killed Ijyb
  4581 | D:5      | Entered Level 5 of the Dungeon
  4657 | D:5      | Your scales start taking on an icy white colour.
  4657 | D:5      | Reached XP level 7. HP: 57/59 MP: 9/9
  4657 | D:5      | Gained mutation: Your flesh is cold resistant. (rC+) [White
                  | Draconian growth]
  4681 | D:5      | Learned a level 3 spell: Frozen Ramparts
  4709 | D:5      | Found a blossoming altar of Fedhas.
  4935 | D:5      | Found Sanlonaa's Assorted Antiques.
  5097 | D:5      | Reached XP level 8. HP: 66/66 MP: 9/12
  5174 | D:5      | Found a staircase to the Ecumenical Temple.
  5289 | D:5      | Found a runed translucent door.
  5293 | D:5      | Noticed Ic0n's ghost (novice DrAE)
  5439 | D:5      | Bought 2 fizzy blue potions for 55 gold pieces
  5439 | D:5      | Bought a glowing amethyst potion for 27 gold pieces
  5439 | D:5      | Bought a green potion for 27 gold pieces
  5439 | D:5      | Bought a pink potion for 27 gold pieces
  5633 | D:5      | Reached skill level 1 in Ice Magic
  5698 | D:6      | Noticed Pikel
  5708 | D:6      | Killed Pikel
  5709 | D:6      | Reached skill level 5 in Fire Magic
  5714 | D:6      | Learned a level 4 spell: Hailstorm
  5786 | D:6      | Reached XP level 9. HP: 71/71 MP: 13/13
  5977 | D:6      | Reached skill level 7 in Maces & Flails
  6193 | D:6      | Reached skill level 8 in Maces & Flails
  6268 | D:6      | Noticed a troll
  6282 | D:6      | Killed a troll
  6283 | D:6      | Reached skill level 9 in Maces & Flails
  6646 | D:7      | Reached skill level 10 in Maces & Flails
  6657 | D:7      | Reached skill level 1 in Dodging
  6657 | D:7      | Reached skill level 1 in Stealth
  6716 | D:7      | Reached XP level 10. HP: 71/80 MP: 11/14
  6829 | D:7      | Reached skill level 5 in Fighting
  7047 | D:3      | Bought a scroll of identify for 24 gold pieces
  7047 | D:3      | Bought a scroll of teleportation for 36 gold pieces
  7285 | D:8      | Noticed Harold
  7307 | D:8      | Killed Harold
  7613 | D:8      | Found a snail-covered altar of Cheibriados.
  7953 | D:8      | Found a runed translucent gate.
  7953 | D:8      | Found a runed translucent gate.
  7953 | D:8      | Found a runed translucent gate.
  7955 | D:8      | Found an opulent altar of Gozag.
  7955 | D:8      | Noticed a rakshasa
  7959 | D:8      | Noticed a centaur warrior
  7959 | D:8      | Noticed kipponium's ghost (novice GnCA)
  8053 | D:8      | Got the Papyrus of the Hurtful Mountains
  8650 | D:9      | Noticed a two-headed ogre
  8746 | D:9      | Reached skill level 11 in Maces & Flails
  8996 | D:9      | Found a staircase to the Lair.
  9073 | D:9      | Found a large runed translucent door.
  9073 | D:9      | Found a large runed translucent door.
  9116 | D:9      | Reached XP level 11. HP: 87/89 MP: 15/15
  9260 | D:9      | Reached skill level 12 in Maces & Flails
  9321 | D:9      | Found a glowing golden altar of the Shining One.
  9321 | D:9      | Found a staircase to the Orcish Mines.
  9446 | D:9      | Killed a two-headed ogre
  9555 | D:9      | Learned a level 2 spell: Ensorcelled Hibernation
  9558 | D:9      | Learned a level 2 spell: Blink
  9805 | D:9      | Found a shimmering blue altar of Sif Muna.
  9808 | D:9      | Found a stormy altar of Qazlal.
  9824 | D:10     | Entered Level 10 of the Dungeon
  9923 | D:10     | Found a broken altar of Ashenzari.
  9945 | D:10     | Reached skill level 13 in Maces & Flails
 10169 | D:10     | Found a white marble altar of Elyvilon.
 10246 | D:10     | Found a hazy altar of Hepliaklqana.
 10452 | D:10     | Noticed a two-headed ogre
 10454 | D:10     | Noticed an ogre mage
 10481 | D:10     | Killed a two-headed ogre
 10482 | D:10     | Reached skill level 14 in Maces & Flails
 10487 | D:10     | Noticed a two-headed ogre
 10495 | D:10     | Killed an ogre mage
 10500 | D:10     | Killed a two-headed ogre
 10988 | D:11     | Noticed a boulder beetle
 11016 | D:11     | Noticed a two-headed ogre
 11018 | D:11     | Noticed Psyche
 11023 | D:10     | Killed a two-headed ogre
 11119 | D:11     | Killed a boulder beetle
 11120 | D:11     | Reached skill level 15 in Maces & Flails
 11244 | D:11     | Noticed a boulder beetle
 11280 | D:11     | Killed a boulder beetle
 11281 | D:11     | Reached XP level 12. HP: 53/96 MP: 16/16
 11658 | D:11     | Reached skill level 16 in Maces & Flails
 11679 | D:11     | Noticed a five-headed hydra
 11692 | D:11     | Killed a five-headed hydra
 11693 | D:11     | Reached skill level 1 in Translocations
 11752 | D:11     | Noticed a four-headed hydra
 11767 | D:11     | Killed a four-headed hydra
 11799 | D:11     | Killed Psyche
 12121 | D:11     | Reached skill level 5 in Conjurations
 12215 | D:11     | Found a shimmering blue altar of Sif Muna.
 12274 | D:11     | Learned a level 5 spell: Manifold Assault
 12389 | Lair:1   | Entered Level 1 of the Lair of Beasts
 12491 | Lair:1   | Noticed an eight-headed hydra
 12497 | Lair:1   | Killed an eight-headed hydra
 13110 | Lair:1   | Reached skill level 5 in Spellcasting
 13343 | Lair:1   | Reached skill level 1 in Evocations
 13526 | Lair:2   | Reached XP level 13. HP: 90/102 MP: 20/20
 13683 | Lair:2   | Reached skill level 5 in Stealth
 13769 | Lair:2   | Reached skill level 5 in Dodging
 14992 | Lair:3   | Found a hole to the Spider Nest.
 15415 | Lair:3   | Found a staircase to the Shoals.
 15613 | Lair:4   | Identified the +8 rapier "Bitiy" {elec, Fly rC+ Will+
                  | Int+3}
 16276 | Lair:4   | Reached skill level 10 in Fighting
 16703 | Lair:5   | Found a bloodstained altar of Trog.
 16709 | Lair:5   | Found a transporter.
 16714 | Lair:5   | Found a transporter.
 16716 | Lair:5   | Noticed feelmyfire's ghost (journeyman DsAK)
 16813 | Lair:5   | Reached skill level 1 in Air Magic
 17398 | Lair:6   | Entered Level 6 of the Lair of Beasts
 17455 | Lair:6   | Reached XP level 14. HP: 114/121 MP: 18/21
 17609 | Lair:6   | Found a staircase to the Slime Pits.
 17904 | Lair:6   | Reached skill level 5 in Translocations
 18638 | D:5      | Killed Ic0n's ghost
 18843 | Orc:1    | Entered Level 1 of the Orcish Mines
 19042 | Orc:1    | Noticed Jorgrun
 19050 | Orc:1    | Found Kutecuen's Assorted Antiques.
 19137 | Orc:1    | Killed Jorgrun
 19702 | Orc:1    | Mangled by an orc knight

Illustrated notes

Levels and vault maps discovered:
D:1:      minmay_arrival_checkered_box, layout_loops_ring,
          hellmonk_ecumenical_altar_arch_garden, roderic_lattice_a,
          minmay_gold_behind_fungi
D:2:      layout_loops_ring, basic_altar
D:3:      layout_rooms, general_overflow_altar, serial_shops,
          nicolae_shop_window_shopping, nicolae_shop_statue_plus,
          nicolae_diamond_shop, nicolae_diamond_shop, minivault_5, st_stairs_11,
          uniq_sigmund
D:4:      kennysheep_the_goblin_king, layout_basic
D:5:      layout_loops_ring, fedhas_ov_isle_minmay, minmay_temple_entry_trees,
          ebering_ghost_reflecting_pool, nicolae_inconvenience_store,
          grunt_ministairs_12, skrybe_limestone_x
D:6:      layout_basic, serial_aquarium, aquarium_bridge_square
          [aquarium_subvault_bridge, aquarium_subvault_wall,
          aquarium_subvault_bridge, aquarium_subvault_bridge],
          aquarium_bridge_island_small [aquarium_subvault_small_water,
          aquarium_subvault_bridge, aquarium_subvault_window,
          aquarium_subvault_bridge, aquarium_subvault_wall], aquarium_window_2,
          aquarium_window_3, aquarium_view_2f, aquarium_view_2d,
          kennysheep_generic_room_7, uniq_pikel
D:7:      layout_cave_pools, minmay_misc_feat_secret_circle
D:8:      layout_basic, mainiacjoe_overflow_concentric_impassable,
          ebering_ghost_gozag, nicolae_zen_rock_garden,
          corexii_hall_statues_deadend, uniq_harold
D:9:      layout_basic, tso_metal_star, jmf_multi_god_temple2, erik_lair_island,
          orc_0_dummy
D:10:     layout_layer_cave, nzn_hepliaklqana_mist_gate,
          mainiacjoe_overflow_surrounded_room, cheibrodos_ashenzari_chains
D:11:     minmay_ornate_pinched, layout_rooms, kennysheep_orc_sif_temple,
          uniq_psyche
Lair:1:   layout_hall_layers, grunt_megastairs_5, serial_bayou_shore_b
Lair:2:   layout_small_grid
Lair:3:   layout_roguey, minmay_shoals_entry_hut,
          nicolae_spider_entry_orb_guardian, serial_forest,
          infiniplex_forest_clump_tiny, infiniplex_forest_end_1,
          infiniplex_forest_lined_3, infiniplex_forest_lined_3_way,
          infiniplex_forest_end_2, infiniplex_forest_end_double,
          infiniplex_forest_straight_4, infiniplex_forest_lined_ring,
          st_stairs_7, hangedman_lair_unloving_vines
Lair:4:   layout_cave_pods, minivault_23
Lair:5:   layout_small_grid, gammafunk_ghost_wrathful_warriors, minivault_26
Lair:6:   evilmike_catoblepas_cave, layout_regular_city,
          nicolae_slime_entry_slimehenge, serial_bayou_pond_e,
          nicolae_lair_lindhole
Orc:1:    cheibrodos_orc_arena, layout_caves, serial_shops, shop, mines3_lemuel,
          uniq_jorgrun

Skill      XL: |  1  2  3  4  5  6  7  8  9 10 11 12 13 14 |
---------------+-------------------------------------------+-----
Maces & Flails | 4 6 10 11 15 16 | 16.0
Fighting       | 4 6 10 | 10.0
Conjurations   | 1 3 4 6 7 |  7.5
Shields        | 4 |  4.0
Fire Magic     | 2 3 5 |  5.0
Spellcasting   | 3 5 |  5.0
Ice Magic      | 6 8 9 |  9.7
Dodging        | 1 4 6 |  6.0
Stealth        | 1 4 6 |  6.0
Translocations | 4 6 |  6.0
Evocations     | 1 4 |  4.0
Air Magic      | 2 |  2.0

Action                   |  1- 3 |  4- 6 |  7- 9 | 10-12 | 13-15 || total
-------------------------+-------+-------+-------+-------+-------++-------
Melee: Mace              |    73 |    65 |       |       |       ||   138
       Tailslap          |       |     7 |    17 |    36 |    39 ||    99
       Eveningstar       |       |    26 |   220 |   534 |   532 ||  1312
 Cast: Scorch            |    32 |    34 |     5 |     5 |       ||    76
       Frozen Ramparts   |       |       |     1 |    31 |    19 ||    51
       Magic Dart        |       |       |       |    15 |       ||    15
       Hailstorm         |       |       |       |    13 |    15 ||    28
Evoke: Wand              |       |       |       |     4 |     1 ||     5
  Use: Scroll            |     3 |    10 |     5 |    10 |     3 ||    31
       Potion            |       |     1 |       |       |     2 ||     3
 Stab: Sleeping          |       |       |       |     5 |     7 ||    12
       Distracted        |       |       |       |     2 |       ||     2
Armor: Skin              |    29 |    31 |   101 |   218 |   228 ||   607
Dodge: Dodged            |    52 |    77 |   125 |   269 |   194 ||   717
Block: Buckler           |       |       |    69 |   131 |   120 ||   320

Table legend: (Time is in decaauts)
 A = Elapsed time spent in this place.
 B = Non-inter-level travel time spent in this place.
 C = Inter-level travel time spent in this place.
 D = Time resting spent in this place.
 E = Time spent auto-exploring this place.
 F = Levels seen in this place.
 G = Mean time per level.
                   A        B        C        D        E       F      G
               +--------+--------+--------+--------+--------+-----+--------+
         Total |  19519 |  18183 |   1336 |    771 |  14075 |  18 | 1084.4 |
       Dungeon |  12772 |  11681 |   1091 |    621 |   8856 |  11 | 1161.1 |
          Lair |   5974 |   5730 |    244 |    115 |   4670 |   6 |  995.7 |
  Orcish Mines |    772 |    772 |      0 |     34 |    548 |   1 |  772.0 |
               +--------+--------+--------+--------+--------+-----+--------+

Top non-repeatable levels by time:
     D:1: 1415 daAuts
     D:2: 1408 daAuts
     D:8: 1399 daAuts
     D:9: 1310 daAuts
  Lair:3: 1278 daAuts
    D:10: 1255 daAuts
    D:11: 1244 daAuts
     D:5: 1190 daAuts
  Lair:1: 1088 daAuts
     D:3: 995 daAuts
     D:6: 974 daAuts
  Lair:4: 971 daAuts
  Lair:6: 954 daAuts
     D:4: 904 daAuts
  Lair:2: 843 daAuts
